 Dungeon Crawl Stone Soup version 0.31-a0-819-gf6de2f5ab6 (webtiles) character file.

Game seed: 3698091234538249645

397 omnomnOMINOUS the Cudgeller (level 6, 0/43 HPs)
             Began as an Octopode Wanderer on Sept 23, 2023.
             Was a Believer of Nemelex Xobeh.
             Slain by an ogre
             ... wielding a +0 giant club
              (21 damage)
             ... on level 5 of the Dungeon.
             The game lasted 00:08:56 (3620 turns).

omnomnOMINOUS the Cudgeller (Octopode Wanderer)     Turns: 3620, Time: 00:08:57

Health: 0/43       AC:  1    Str: 10    XL:     6   Next: 83%
Magic:  10/10      EV: 14    Int: 13    God:    Nemelex Xobeh [**....]
Gold:   183        SH:  5    Dex: 16    Spells: 10/10 levels left

rFire   . . .        a - +3 mace
rCold   . . .        (no shield)
rNeg    . . .        (helmet restricted)
rPois   .            u - amulet of reflection
rElec   .            (no ring)
rCorr   .            (no ring)
SInv    .            (no ring)
Will    .....        (no ring)
Stlth   +++          (no ring)
HPRegen 0.27/turn    (no ring)
MPRegen 0.12/turn    (no ring)
                     (no ring)

%: reflection
@: no status effects
A: almost no armour, amphibious, 8 rings, camouflage 1, gelatinous body 1,
(nimble swimmer 1), tentacles
a: Renounce Religion, Draw Escape, Draw Destruction, Draw Summoning


You were on level 5 of the Dungeon.
You worshipped Nemelex Xobeh.
Nemelex Xobeh was pleased with you.
You visited 1 branch of the dungeon, and saw 5 of its levels.

You collected 183 gold pieces.

Inventory:

Hand Weapons
 a - a +3 mace (weapon)
 h - a +0 war axe
 i - a +0 dagger of protection
 p - a +0 dagger of venom
 q - a +0 long sword
 y - a +0 heavy dire flail
Magical Staves
 f - a staff of death
Jewellery
 j - an amulet of faith
 u - an amulet of reflection (around mantle)
Scrolls
 b - a scroll of fog
 d - 2 scrolls of identify
 e - 2 scrolls of enchant weapon {unknown}
 g - a scroll of amnesia {unknown}
 k - a scroll of fear {unknown}
 m - 2 scrolls of noise {unknown}
 o - a scroll of revelation {unknown}
 s - a scroll of silence {unknown}
Potions
 c - a potion of might
 l - a potion of invisibility
 n - a potion of mutation {unknown}
 r - a potion of heal wounds {unknown}
 t - 2 potions of haste
 v - a potion of brilliance {unknown}
 w - a potion of berserk rage {unknown}
 x - a potion of attraction {unknown}


   Skills:
 + Level 3.9 Fighting
 - Level 5.0 Maces & Flails
 - Level 1.0 Throwing
 + Level 3.1 Dodging
 - Level 2.6 Stealth
 + Level 2.8 Spellcasting
 + Level 3.0 Invocations


You had 10 spell levels left.
You didn't know any spells.
Your spell library contained the following spells:

 Spells                   Type           Power      Damage    Failure   Level
 Hailstorm                Conj/Ice       1%         3d3       56%         3
 Summon Ice Beast         Ice/Summ       1%         N/A       93%         4
 Summon Forest            Summ/Tloc      0%         N/A       100%        5
 Summon Mana Viper        Hex/Summ       1%         N/A       100%        5
 Simulacrum               Ice/Necr       0%         N/A       100%        6
 Summon Cactus Giant      Summ           0%         N/A       100%        6


Dungeon Overview and Level Annotations

Branches:
Dungeon (5/15)
 Temple: D:4-7

Altars:
Fedhas
Nemelex Xobeh

Shops:
D:1 ![==(   D:4 :!


Innate Abilities, Weirdness & Mutations

You cannot wear most types of armour.
You are amphibious.
You can wear up to eight rings at the same time.
Your skin changes colour to match your surroundings (Stealth+).
Your rubbery body absorbs attacks. (AC +1, EV +1)
((You are camouflaged when in or above water. (Stealth+)))
You have tentacles for arms and can constrict up to eight enemies at once.


Message History

Edmund is drained!
You kill Edmund!
You hear a shout!
Your Dodging skill increases to level 3!
Things that are here:
a +0 heavy dire flail; a +0 chain mail; the human corpse of Edmund
y - a +0 heavy dire flail A jelly comes into view.
A jelly is nearby!
An ogre comes into view. It is wielding a +0 giant club.
You draw a card...
You have drawn Pain.
Press: ? - help, Shift-Dir - straight line, f - jelly
Aim: a jelly The jelly convulses!
Unknown command.
You draw a card...
You have drawn Vitriol.
Press: ? - help, Shift-Dir - straight line, f/p - jelly
Aim: a jelly (heavily wounded)
The glob of acid hits the jelly.
The jelly completely resists.
The jelly is heavily wounded.
Unknown command.
You hit the jelly.
Your tentacles burn!
The jelly is heavily wounded.
The jelly barely misses you.
You sock the jelly!
You kill the jelly!
The ogre hits you with a +0 giant club!!
Your Invocations skill increases to level 3!
You sock the ogre!
The ogre is moderately wounded.
The ogre misses you.
You hit the ogre.
The ogre is heavily wounded.
You hit the ogre.
The ogre is severely wounded.
The ogre hits you with a +0 giant club!!
You die...
Your body disappears without a glow.

#......<....#.###...##
##.#.#.#.............#
#...#....#.####.#.#
##.....########.#.#
#..........<...#.#
..#..###########.#
####..# #........#
#..####.########
#.@...#.# #.O####.###
#..[......#
##.####.#.# ...# #.#.#
#.#### #...# # ###.#
###


You could see an ogre.

Vanquished Creatures
  Edmund (D:5)
  An ice beast (D:4)
  A howler monkey (D:5)
  A jelly (D:5)
  3 gnolls (D:4)
  2 worms
  6 orcs
  5 ball pythons
  6 bats
  4 endoplasms
  5 giant cockroaches
  9 goblins
  8 hobgoblins
  10 jackals
  8 kobolds
  2 quokkas
  6 frilled lizards
  5 rats
83 creatures vanquished.

Notes
Turn   | Place    | Note
-------+----------+-------------------------------------------
     0 | D:1      | omnomnOMINOUS the Octopode Wanderer began the quest for the
                  | Orb.
     0 | D:1      | omnomnOMINOUS set off with the following items: a +3 mace,
                  | a scroll of fog, a potion of might.
     0 | D:1      | Reached XP level 1. HP: 14/14 MP: 1/1
     9 | D:1      | Found Istranu's Distillery.
    66 | D:1      | Found Rypt's Antique Armour Shoppe.
    72 | D:1      | Found Lijoehet's Jewellery Emporium.
    85 | D:1      | Found Mujeaced's Jewellery Boutique.
   104 | D:1      | Found Qahetem's Antique Weapon Shop.
   265 | D:1      | Reached XP level 2. HP: 19/19 MP: 2/2
   593 | D:2      | Found a sparkling altar of Nemelex Xobeh.
   628 | D:2      | Reached skill level 1 in Dodging
   632 | D:2      | Reached skill level 1 in Spellcasting
   693 | D:2      | Became a worshipper of Nemelex Xobeh the Trickster
   737 | D:2      | Reached XP level 3. HP: 25/25 MP: 4/4
  1770 | D:3      | Reached * piety under Nemelex Xobeh
  1995 | D:3      | Found a blossoming altar of Fedhas.
  2017 | D:3      | Reached XP level 4. HP: 23/30 MP: 6/6
  2101 | D:3      | Received a gift from Nemelex Xobeh
  2200 | D:3      | Reached skill level 1 in Invocations
  2493 | D:3      | Found a faded altar of an unknown god.
  2698 | D:4      | Noticed an ice beast
  2713 | D:4      | Killed an ice beast
  2714 | D:4      | Reached XP level 5. HP: 36/36 MP: 6/8
  2841 | D:4      | Found Bodoutum's Distillery.
  2922 | D:4      | Found Aroutag's Book Shoppe.
  3548 | D:5      | Entered Level 5 of the Dungeon
  3552 | D:5      | Reached XP level 6. HP: 42/42 MP: 9/9
  3583 | D:5      | Reached ** piety under Nemelex Xobeh
  3602 | D:5      | Noticed Edmund
  3609 | D:5      | Killed Edmund
  3620 | D:5      | Slain by an ogre

Illustrated notes

Levels and vault maps discovered:
D:1:      lightli_arrival_boilingwater, layout_rooms, serial_shops, shop, shop,
          shop, shop, nicolae_shop_behind_doors, roderic_lattice_a
D:2:      layout_basic, basic_altar, serial_bayou_pond_b,
          lexackson_kobold_supper
D:3:      layout_basic, fedhas_altar_2, dreamdust_ecumenical_altar_grove,
          kennysheep_nondescript
D:4:      cheibrodos_helix_gallery, layout_loops_ring, serial_shops, shop, shop,
          minmay_misc_feat_rows, kennysheep_generic_room_9
D:5:      layout_basic, grunt_temple_overflow_open, uniq_eustachio,
          uniq_sigmund, uniq_edmund

Skill      XL: |  1  2  3  4  5  6 |
---------------+-------------------+-----
Dodging        | 1 2 3 |  3.1
Spellcasting   | 1 2 |  2.8
Invocations    | 2 3 |  3.0
Fighting       | 3 |  3.9
Maces & Flails | |  5.0
Throwing       | |  1.0
Stealth        | |  2.6

Action                     |  1- 3 |  4- 6 || total
---------------------------+-------+-------++-------
  Melee: Mace              |   304 |    62 ||   366
         Constrict         |    17 |    14 ||    31
         Tentacles         |    80 |    10 ||    90
         Punch             |     6 |       ||     6
 Invoke: Draw Destruction  |       |     8 ||     8
    Use: Scroll            |       |     2 ||     2
   Stab: Sleeping          |    11 |     5 ||    16
         Distracted        |       |     1 ||     1
 Armour: Skin              |    36 |    23 ||    59
  Dodge: Dodged            |    72 |    32 ||   104
  Block: Other             |       |     5 ||     5

Table legend: (Time is in decaauts)
 A = Elapsed time spent in this place.
 B = Non-inter-level travel time spent in this place.
 C = Inter-level travel time spent in this place.
 D = Time resting spent in this place.
 E = Time spent auto-exploring this place.
 F = Levels seen in this place.
 G = Mean time per level.
                   A        B        C        D        E       F      G
               +--------+--------+--------+--------+--------+-----+--------+
         Total |   3675 |   3551 |    124 |     14 |   2659 |   5 |  735.0 |
       Dungeon |   3675 |   3551 |    124 |     14 |   2659 |   5 |  735.0 |
               +--------+--------+--------+--------+--------+-----+--------+

Top non-repeatable levels by time:
     D:2: 1286 daAuts
     D:3: 902 daAuts
     D:4: 858 daAuts
     D:1: 555 daAuts
     D:5: 72 daAuts
